 Dungeon Crawl Stone Soup version 0.28-a0-909-g796cbd3a86 (webtiles) character file.

Game seed: 17937668986857476512

767 Froggeryz the Cudgeller (level 7, -1/41 HPs)
             Began as a Gargoyle Delver on Nov 24, 2021.
             Slain by an orc warrior (12 damage)
             ... on level 6 of the Dungeon.
             The game lasted 00:05:52 (5582 turns).

Froggeryz the Cudgeller (Gargoyle Delver)           Turns: 5582, Time: 00:05:53

Health: -1/41      AC: 13    Str: 17    XL:     7   Next: 82%
Magic:  7/7        EV: 12    Int: 11    God:
Gold:   225        SH:  0    Dex: 11    Spells: 6/6 levels left

rFire   . . .      SeeInvis .   k - +0 club (spect)
rCold   . . .      Faith    .   (no shield)
rNeg    + . .      Spirit   .   n - +0 steam dragon scales
rPois   ∞          Reflect  .   a - +0 helmet
rElec   +          Harm     .   (no cloak)
rCorr   .          Rampage  .   m - +1 pair of gloves
Will    .....                   (no boots)
Stlth   +++.......              (no amulet)
HPRegen 0.13/turn               (no ring)
MPRegen 0.10/turn               (no ring)

@: no status effects
A: sickness immunity, AC +4, negative energy resistance 1, electricity
resistance, torment resistance 1, petrification resistance
a: no special abilities


You were on level 6 of the Dungeon.
You visited 1 branch of the dungeon, and saw 5 of its levels.

You collected 225 gold pieces.

Inventory:

Hand Weapons
 k - a +0 spectral club (weapon)
Missiles
 l - a javelin (quivered)
Armour
 a - a +0 helmet (worn)
 m - a +1 pair of gloves (worn)
 n - +0 steam dragon scales (worn)
Wands
 g - a wand of digging (3)
 r - a wand of flame (18)
Scrolls
 b - 3 scrolls of identify {unknown}
 c - 2 scrolls of fog
 d - 3 scrolls of magic mapping
 e - a scroll of summoning {unknown}
 i - a scroll of fear
 o - 5 scrolls of noise {unknown}
 q - a scroll of enchant weapon {unknown}
 v - a scroll of enchant armour {unknown}
 w - a scroll of teleportation {unknown}
 y - a scroll of vulnerability {unknown}
 A - a scroll of blinking {unknown}
Potions
 f - 2 potions of haste
 h - a potion of flight {unknown}
 j - 2 potions of resistance
 p - 2 potions of might {unknown}
 s - a potion of degeneration {unknown}
 t - 2 potions of curing {unknown}
 u - a potion of lignification {unknown}
 x - a potion of ambrosia
 z - a potion of mutation {unknown}


   Skills:
 - Level 3.2 Fighting
 * Level 7.4 Maces & Flails
 + Level 2.5 Throwing
 - Level 3.0 Armour
 - Level 1.5 Dodging
 - Level 5.4 Stealth


You had 6 spell levels left.
You didn't know any spells.
Your spell library was empty.

Dungeon Overview and Level Annotations

Branches:
Dungeon (6/15)
 Temple: D:4-7

Altars:
Cheibriados
Kikubaaqudgha
Vehumet

Annotations:
D:5 2 transporters, paps's ghost, amateur OpDe


Innate Abilities, Weirdness & Mutations

You are immune to sickness and miasma.
Your stone body is resilient. (AC +4)
You are immune to poison.
You resist negative energy. (rN+)
You are resistant to electric shocks. (rElec)
You are resistant to unholy torment.
You are immune to petrification.


Message History

The orc warrior is lightly wounded.
Your +0 spectral club hits the orc warrior but does no damage.
The orc warrior hits you but does no damage.
You hit the orc warrior.
The orc warrior is moderately wounded.
Your +0 spectral club hits the orc warrior but does no damage.
The orc warrior hits you with a +0 trident!
You hit the orc warrior.
The orc warrior is moderately wounded.
Your +0 spectral club hits the orc warrior.
The orc warrior misses you.
You hit the orc warrior.
The orc warrior is heavily wounded.
Your +0 spectral club hits the orc warrior!
The orc warrior hits you but does no damage.
You hit the orc warrior but do no damage.
The orc warrior is severely wounded.
Your +0 spectral club closely misses the orc warrior.
The orc warrior barely misses you.
You closely miss the orc warrior.
The orc warrior is severely wounded.
Your +0 spectral club barely misses the orc warrior.
The orc warrior hits you with a +0 trident!
You hit the orc warrior.
The orc warrior is almost dead.
Your +0 spectral club hits the orc warrior but does no damage.
The orc warrior hits your +0 spectral club with a +0 trident!
Your spectral weapon shares its damage with you!
* * * LOW HITPOINT WARNING * * *
You catch the helpless orc warrior completely off-guard!
You hit the orc warrior but do no damage.
The orc warrior is almost dead.
Your +0 spectral club hits the orc warrior but does no damage.
Your +0 spectral club fades away.
The orc warrior shouts!
You hit the orc warrior but do no damage.
The orc warrior is almost dead.
Your +0 spectral club hits the orc warrior but does no damage.
The orc warrior hits you with a +0 trident!
You die...

#.. ...# #.. .<.#
#.. .(.#
##.###.######
...#...#...#.:.#
..⌠.M.8...⌠...<.#
#...#...#.(.#.?.
##. ##.###o## #..
#(@)# #.. #.<.#
#.. #...# #..
#####


You could see an orc warrior and a friendly +0 spectral club (summoned).

Vanquished Creatures
  A steam dragon (D:4)
  Menkaure (D:5)
  A centaur (D:5)
  A scorpion (D:5)
  A jelly (D:4)
  2 hounds (D:5)
  Jessica (D:2)
  An iguana (D:4)
  An orc wizard (D:5)
  A mummy (D:4)
  Robin (D:3)
  6 adders
  A white imp (D:5)
  An adder zombie (D:3)
  A worm (D:2)
  13 dart slugs
  11 orcs
  5 ball pythons
  2 endoplasms
  A giant cockroach (D:2)
  15 goblins
  9 hobgoblins
  10 jackals
  3 quokkas (D:2)
  3 bats (D:3)
  A frilled lizard (D:2)
  4 kobolds
  2 rats
100 creatures vanquished.

Vanquished Creatures (others)
  A bush (D:5)
  2 plants (D:3)
3 creatures vanquished.

Grand Total: 103 creatures vanquished

Notes
Turn   | Place    | Note
-------+----------+-------------------------------------------
     0 | D:5      | Froggeryz the Gargoyle Delver began the quest for the Orb.
     0 | D:5      | Reached XP level 1. HP: 14/14 MP: 1/1
    27 | D:5      | Noticed a scorpion
    30 | D:5      | Noticed a wyvern zombie
    33 | D:5      | Found a transporter.
   153 | D:4      | Noticed a jelly
   189 | D:3      | Reached XP level 2. HP: 10/19 MP: 2/2
   357 | D:3      | Reached skill level 3 in Maces & Flails
   588 | D:3      | Reached XP level 3. HP: 6/23 MP: 3/3
   948 | D:2      | Reached skill level 4 in Maces & Flails
  1174 | D:2      | Reached XP level 4. HP: 23/28 MP: 4/4
  1313 | D:2      | Noticed Jessica
  1328 | D:2      | Killed Jessica
  1329 | D:2      | Reached skill level 1 in Armour
  1710 | D:2      | Found a faded altar of an unknown god.
  1761 | D:2      | Reached XP level 5. HP: 30/32 MP: 5/5
  2102 | D:3      | Noticed Robin
  2379 | D:3      | Found an ancient bone altar of Kikubaaqudgha.
  2538 | D:3      | Killed Robin
  2539 | D:3      | Reached skill level 5 in Maces & Flails
  3041 | D:4      | Noticed a steam dragon
  3059 | D:4      | Killed a steam dragon
  3060 | D:4      | Reached XP level 6. HP: 3/37 MP: 6/6
  3487 | D:4      | Reached skill level 6 in Maces & Flails
  3794 | D:4      | Found a radiant altar of Vehumet.
  3890 | D:4      | Found a snail-covered altar of Cheibriados.
  4037 | D:5      | Found a transporter.
  4041 | D:5      | Noticed paps's ghost (amateur OpDe)
  4102 | D:5      | Reached skill level 1 in Throwing
  4168 | D:5      | Reached XP level 7. HP: 29/41 MP: 7/7
  5052 | D:5      | Reached skill level 7 in Maces & Flails
  5321 | D:6      | Noticed Menkaure
  5513 | D:5      | Killed Menkaure
  5582 | D:6      | Slain by an orc warrior

Illustrated notes

Levels and vault maps discovered:
D:2:      layout_loops_ring, shapermc_ecumenical_altar_ellora, uniq_jessica
D:3:      layout_basic, nicolae_overflow_crystal_walls, serial_bayou_pond_b,
          uniq_robin
D:4:      layout_loops_ring, slow_altar_2, vehumet_altar_wand_db
D:5:      kennysheep_slugbush, layout_cave_pods, gammafunk_ghost_mausoleum,
          kennysheep_nondescript, kb_lookout_dungeons_type
D:6:      layout_loops_ring, grunt_temple_overflow_cloverleaf,
          nicolae_elevator_lobby_plus, uniq_menkaure

Skill      XL: |  1  2  3  4  5  6  7 |
---------------+----------------------+-----
Maces & Flails | 3 4 5 6 7 |  7.4
Armour         | 1 2 3 |  3.0
Throwing       | 1 2 |  2.5
Fighting       | |  3.2
Dodging        | |  1.5
Stealth        | |  5.4

Action                   |  1- 3 |  4- 6 |  7- 9 || total
-------------------------+-------+-------+-------++-------
Melee: Mace              |   126 |    17 |       ||   143
       Club              |       |   161 |    66 ||   227
Throw: Javelin           |       |       |     2 ||     2
  Use: Scroll            |       |     1 |       ||     1
       Potion            |       |     1 |       ||     1
 Stab: Sleeping          |     1 |     4 |     1 ||     6
       Distracted        |       |     2 |     2 ||     4
Armor: Ring mail         |    76 |    86 |       ||   162
       Steam dragon scal |       |    21 |    39 ||    60
Dodge: Dodged            |    69 |   111 |    45 ||   225

Table legend: (Time is in decaauts)
 A = Elapsed time spent in this place.
 B = Non-inter-level travel time spent in this place.
 C = Inter-level travel time spent in this place.
 D = Time resting spent in this place.
 E = Time spent auto-exploring this place.
 F = Levels seen in this place.
 G = Mean time per level.
                   A        B        C        D        E       F      G
               +--------+--------+--------+--------+--------+-----+--------+
         Total |   5654 |   5483 |    171 |   1543 |   2645 |   5 | 1130.8 |
       Dungeon |   5654 |   5483 |    171 |   1543 |   2645 |   5 | 1130.8 |
               +--------+--------+--------+--------+--------+-----+--------+

Top non-repeatable levels by time:
     D:3: 2018 daAuts
     D:5: 1488 daAuts
     D:2: 1163 daAuts
     D:4: 944 daAuts
     D:6: 39 daAuts
